Cogmind - Beta 14 @@@ ROGUE MODE // 2024.08.12 @ 17:10:00 Player: f3-rnm Result: Destroyed by P-80 Master with Gamma Rifle Performance ------------- Evolutions (8) 4000 Regions Visited (23) 4600 Robots Destroyed (198) 990 Value Destroyed (6803) 6803 Prototype IDs (47) 940 Alien Tech Used (0) 0 Bonus (-19136) -19136 TOTAL SCORE: -1803 Bonus ------- High Alert Combat Kills 1114 Follower Combat Kills 5744 Entered DSFs 500 Aligned with FarCom 300 Met Data Miner 300 Friendly Fire -27094 Cogmind --------- Core Integrity 0/1450 Matter 85/300 Energy 100/100 System Corruption 32% Temperature Cool (2) Movement Flying (45) Location -2/Testing Parts ------- > --- POWER (1) -------- (None) > --- PROPULSION (8) --- Impulse Thruster Array > --- UTILITY (12) ----- (None) > --- WEAPON (2) ------- (None) > --- INVENTORY (5) ---- Micro Fission Core High-capacity Storage Unit Small Battery (100) Peak State ------------ > --- POWER ------------ Particle Reactor > --- PROPULSION ------- Biometal Leg Combat Gravmag System Impulse Thruster Array > --- UTILITY ---------- High-capacity Storage Unit Machine Analyzer Enhanced Optical Array Improved Signal Interpreter Improved Melee Analysis Suite Improved Melee Analysis Suite Cloaking Device Centrium Medium Armor Plating Advanced Shield Generator Improved Hacking Suite Improved System Shield > --- WEAPON ----------- Companion Sword > --- INVENTORY -------- Neutrino Core Micro Fission Core Micro Antimatter Reactor Improved Antigrav System Huge Storage Unit Matter Compressor Enhanced Optical Array Makeshift Transmission Jammer Advanced Reaction Control System Advanced Force Field System Shield Improved System Shield Authchip [Device] Long-range Tractor Beam Railgun Railgun Rocket Array LU-1G1's Laser Shovel [Rating: 104] Favorites ----------- Power Neutrino Core Engine Light Deuterium Engine Power Core Neutrino Core Reactor Particle Reactor Propulsion Light Treads Treads Light Treads Leg Biometal Leg Wheel Overtuned Huge Scrapsphere Hover Unit Combat Airjet Flight Unit Impulse Thruster Array Utility Huge Storage Unit Device Scrap Suit Storage Huge Storage Unit Processor Improved Melee Analysis Suite Hackware Hacking Suite Protection Makeshift Light Armor Plating Weapon Companion Sword Energy Gun AWS/Thermal Energy Cannon Compact Ion Cannon Ballistic Gun Hypervelocity Gauss Rifle Ballistic Cannon Battle Cannon Launcher Advanced EMP Blaster Special Weapon CPS Tube Impact Weapon Heavy Flail Slashing Weapon Companion Sword Piercing Weapon Makeshift Spear Build | -11 -10 -10 -10 -9 -8 -8 -8 -8 -6 -6 -6 -6 -5 -5 -5 -5 -5 -5 -4 -4 -3 -2 -2 ------- Run | Yrd Mat Min Exi Min Mat Sto Rec Scr Fac Low Low Dat Pro Fac Ext Cet Arc Hub Fac DSF Res Res Tes Slots Evolved 16 | . . . . . 4 . . . 4 . . . . 2 . . . . 2 . 2 2 . Power . | . . . . . . . . . . . . . . . . . . . . . . . . Propulsion 6 | . . . . . . . . . 3 . . . . . . . . . 1 . 1 1 . Utility 10 | . . . . . 4 . . . 1 . . . . 2 . . . . 1 . 1 1 . Weapon . | . . . . . . . . . . . . . . . . . . . . . . . . Parts Attached 288 | 6 9 6 2 1 9 31 3 120 10 2 14 . 1 5 15 5 5 . 5 4 12 23 . Power 34 | 1 . 1 . . . 4 . 13 1 . 1 . 1 1 2 1 2 . 1 1 2 2 . Engine 21 | 1 . 1 . . . . . 9 1 . . . 1 1 2 1 2 . 1 1 . . . Core 11 | . . . . . . 4 . 4 . . 1 . . . . . . . . . 1 1 . Reactor 2 | . . . . . . . . . . . . . . . . . . . . . 1 1 . Propulsion 61 | 2 3 . 1 . . 7 2 17 1 1 5 . . . 3 2 1 . 2 2 2 10 . Treads 21 | 2 . . . . . 6 2 8 1 . . . . . . . . . . . . 2 . Leg 4 | . . . . . . . . 3 . . . . . . . . . . . . 1 . . Wheel 12 | . 3 . 1 . . 1 . 6 . 1 . . . . . . . . . . . . . Hover 20 | . . . . . . . . . . . 5 . . . 3 2 1 . 2 2 1 4 . Flight 4 | . . . . . . . . . . . . . . . . . . . . . . 4 . Utility 95 | 1 3 1 . . 4 6 1 35 6 . 7 . . 3 7 2 2 . 2 1 7 7 . Device 47 | . 2 . . . 1 3 1 24 1 . 2 . . 2 3 . . . 1 . 4 3 . Storage 9 | 1 1 1 . . . 1 . 3 . . 1 . . . . . . . . . . 1 . Processor 13 | . . . . . 1 2 . 3 2 . 2 . . . 2 1 . . . . . . . Hackware 9 | . . . . . 1 . . . 2 . . . . . . . 1 . 1 . 1 3 . Protection 17 | . . . . . 1 . . 5 1 . 2 . . 1 2 1 1 . . 1 2 . . Artifact . | . . . . . . . . . . . . . . . . . . . . . . . . Weapon 98 | 2 3 4 1 1 5 14 . 55 2 1 1 . . 1 3 . . . . . 1 4 . Energy Gun 24 | 1 . 1 1 . 2 9 . 10 . . . . . . . . . . . . . . . Energy Cannon 5 | . . . . . . 2 . 3 . . . . . . . . . . . . . . . Ballistic Gun 11 | 1 . 1 . . 2 2 . 2 . . . . . 1 . . . . . . . 2 . Ballistic Cannon . | . . . . . . . . . . . . . . . . . . . . . . . . Launcher 26 | . 3 2 . 1 1 1 . 9 2 1 1 . . . 3 . . . . . 1 1 . Special Weapon 27 | . . . . . . . . 26 . . . . . . . . . . . . . 1 . Impact Weapon 1 | . . . . . . . . 1 . . . . . . . . . . . . . . . Slashing Weapon 3 | . . . . . . . . 3 . . . . . . . . . . . . . . . Piercing Weapon 1 | . . . . . . . . 1 . . . . . . . . . . . . . . . Special Melee Weapon . | . . . . . . . . . . . . . . . . . . . . . . . . Unidentified Prototypes 13 | . . . . . 2 5 . 2 2 . . . . 1 . 1 . . . . . . . Corrupted Parts 3 | . . . . . . . . 3 . . . . . . . . . . . . . . . System Corruption 23 | . . . . . . . . 23 . . . . . . . . . . . . . . . Parts Lost 70 | . 4 1 . . 5 6 . 2 3 . 1 . 1 . 9 . 1 4 . 7 4 22 . Power 13 | . . 1 . . 1 2 . 1 1 . . . 1 . 2 . . 1 . 1 . 2 . Propulsion 23 | . 2 . . . 1 . . 1 1 . . . . . 3 . 1 2 . 4 2 6 . Utility 23 | . . . . . 1 3 . . . . 1 . . . 4 . . 1 . 2 2 9 . Weapon 11 | . 2 . . . 2 1 . . 1 . . . . . . . . . . . . 5 . Highest Loss Streak 15 | . 2 1 . . 5 3 . 1 1 . 1 . 1 . 2 . 1 4 . 7 3 15 . To Critical Strikes . | . . . . . . . . . . . . . . . . . . . . . . . . Average Slot Usage (%) 62 | . 83 98 100 100 93 90 96 53 62 65 83 93 92 91 91 81 88 92 85 77 72 53 4 Engine 3 | . 14 12 14 14 9 . . 3 3 6 4 . . 5 5 5 5 4 5 4 . . . Core 5 | . . . . . . 8 9 5 2 . 1 6 4 . . . . . . . 3 . . Treads 7 | . 21 . . . . 17 18 7 2 . . . . . . . . . . . . . . Wheel 5 | . 4 28 28 28 18 . . 5 6 12 4 . . . . . . . . . . . . Hover 2 | . . . . . . . . . . . 21 33 33 29 28 29 29 29 26 18 10 6 . Device 13 | . 2 14 14 14 17 22 26 13 9 6 2 . . 4 2 . . . 3 1 6 6 . Storage 5 | . 14 14 14 14 9 9 9 4 6 6 6 6 6 5 5 5 5 5 5 5 4 3 . Processor 4 | . . . . . 4 4 9 . 12 13 17 20 20 17 26 30 35 35 31 28 23 15 . Hackware 2 | . . . . . 8 9 9 . 7 13 13 13 13 11 6 . . 5 8 10 11 9 . Protection 1 | . . . . . 8 2 . 1 2 . 1 6 6 9 5 3 5 4 . 2 3 1 . Energy Gun 2 | . 10 7 6 14 15 13 7 1 . . . . . . . . . . . . . . . Ballistic Gun 1 | . 9 9 14 4 2 1 . 1 . . . . . . . . . . . . . . . Slashing Weapon 3 | . . . . . . . . 4 6 6 6 6 6 5 5 5 5 5 5 5 4 2 . Peak Build Rating 104 | 6 14 14 19 20 34 45 40 82 83 75 75 68 64 84 83 76 80 79 79 79 89 104 16 Average Rating 53 | 5 6 12 15 19 31 33 36 54 65 70 67 64 63 74 75 72 72 78 77 68 81 72 16 On Entrance 47 | . 6 14 13 19 20 22 40 29 52 59 71 68 64 62 77 68 76 79 60 79 68 89 16 Naked Turns 57 | . . . . . . . . . . . . . . . . . . . . . . 57 . Heaviest Build 123 | 11 27 52 52 52 56 98 97 123 111 101 98 58 51 60 67 61 61 56 54 54 75 80 . Greatest Support 80 | 40 40 24 24 24 24 44 40 43 20 40 60 60 60 60 62 59 59 56 56 56 32 80 16 Greatest Overweight (x) 6 | . 1 2 2 2 3 2 2 6 5 4 2 . . . 1 1 1 . . 1 2 2 . Average Overweight (x) 2 | . . 1 2 2 2 1 2 3 4 2 . . . . . . . . . . 1 . . Largest Inventory Capacity 25 | 8 15 20 20 20 20 25 25 25 25 25 25 20 20 20 20 20 20 20 20 20 20 20 5 Average Capacity 15 | 7 8 15 20 20 20 21 25 13 25 25 21 20 20 20 20 20 20 20 20 20 20 17 5 Most Carried 25 | 3 15 18 20 20 20 25 25 25 25 25 25 14 16 20 20 20 20 20 19 16 20 20 3 Average Carried 13 | 1 6 15 18 20 19 20 24 11 24 24 19 13 15 19 19 17 17 20 15 14 18 15 3 Final Capacity 25 | 8 15 20 20 20 20 25 25 25 25 25 20 20 20 20 20 20 20 20 20 20 20 5 5 Final Carried 25 | 3 15 18 20 20 20 25 25 25 25 25 13 14 16 20 20 17 20 20 15 13 20 3 3 Class Distribution -------------------- 38% | Mutant 27% | Scavenger-Scrapper 22% | Scavenger-Mutant 5% | Commander-Mutant 4% | Commander-Scrapper Dominant Class ---------------- Mutant | -10/Materials Mutant | -10/Mines Mutant | -10/Exiles Mutant | -9/Mines Mutant | -8/Materials Mutant | -8/Storage Scavenger-Mutant | -8/Recycling Mutant | -8/Scraptown Scavenger-Mutant | -6/Factory Scavenger-Scrapper | -6/Lower Caves Scavenger-Mutant | -6/Lower Caves Scavenger-Mutant | -6/Data Miner Scavenger-Mutant | -5/Proximity Caves Scavenger-Mutant | -5/Factory Scavenger-Mutant | -5/Extension Scavenger-Mutant | -5/Cetus Scavenger-Mutant | -5/Archives Scavenger-Mutant | -5/Hub_04(d) Scavenger-Scout | -4/Factory Scavenger-Mutant | -4/DSF Scavenger-Mutant | -3/Research Scavenger-Mutant | -2/Research Mutant | -2/Testing Resources | -11 -10 -10 -10 -9 -8 -8 -8 -8 -6 -6 -6 -6 -5 -5 -5 -5 -5 -5 -4 -4 -3 -2 -2 ----------- Run | Yrd Mat Min Exi Min Mat Sto Rec Scr Fac Low Low Dat Pro Fac Ext Cet Arc Hub Fac DSF Res Res Tes Matter Collected 11459 | 260 43 123 . 29 223 587 55 9002 134 30 125 . 30 50 320 40 108 1 . 50 150 99 . Remotely 5868 | . . . . . . . . 5868 . . . . . . . . . . . . . . . Salvage Created 11965 | . 386 67 . 76 123 1626 355 5498 400 29 61 . 55 19 2265 70 322 70 . . 304 239 . Parts 591 | . 18 6 . 12 6 61 20 295 28 1 10 . . 2 80 4 17 3 . . 16 12 . Haulers Intercepted 7 | . . . . . 1 3 . . . . . . . . 3 . . . . . . . . Recyclers Shooed 2 | . . . . . . 1 . . . . . . . . 1 . . . . . . . . Parts Field Recycled . | . . . . . . . . . . . . . . . . . . . . . . . . Retrieved Matter . | . . . . . . . . . . . . . . . . . . . . . . . . Parts Self-Destructed 41 | . . . . . . . . 9 . 19 11 . 2 . . . . . . . . . . Prevented . | . . . . . . . . . . . . . . . . . . . . . . . . Kills | -11 -10 -10 -10 -9 -8 -8 -8 -8 -6 -6 -6 -6 -5 -5 -5 -5 -5 -5 -4 -4 -3 -2 -2 ------- Run | Yrd Mat Min Exi Min Mat Sto Rec Scr Fac Low Low Dat Pro Fac Ext Cet Arc Hub Fac DSF Res Res Tes Combat Hostiles Destroyed 125 | . 10 6 . 3 1 21 4 30 6 . 1 . . . 28 1 1 1 . . 7 5 . Melee 29 | . . . . . . . . . 4 . 1 . . . 15 1 1 1 . . 3 3 . Guns 62 | . 6 3 . . 1 19 2 30 . . . . . . . . . . . . . 1 . Cannons 2 | . . . . . . . 2 . . . . . . . . . . . . . . . . AOE 31 | . 4 3 . 3 . 1 . . 2 . . . . . 13 . . . . . 4 1 . Classes Destroyed 29 | . 3 1 . 2 1 3 . 11 1 . 1 . . . 6 . . . . . . . . Worker 9 | . 1 . . 2 1 2 . . . . . . . . 2 . . . . . . 1 . Builder 9 | . 1 . . 1 . . . . 4 . . . . 1 2 . . . . . . . . Hauler 7 | . . . . . 1 3 . . . . . . . . 3 . . . . . . . . Recycler 12 | . . . . 1 . 4 2 . . . . . . . 5 . . . . . . . . Mechanic 1 | . . . . . . . . . . . . . . . 1 . . . . . . . . Operator 7 | . . . . . . . . . . . . . . . 1 . 6 . . . . . . Drone 1 | . . . . . . . . 1 . . . . . . . . . . . . . . . Watcher 2 | . . . . . . 2 . . . . . . . . . . . . . . . . . Swarmer 16 | . . 6 . 3 . . . . 1 . . . . . 2 . . . . . 4 . . Saboteur 1 | . . . . . . . . . . . . . . . 1 . . . . . . . . Grunt 39 | . 10 . . . 1 13 . . 3 . . . . . 11 . . 1 . . . . . Brawler 1 | . . . . . . . . . . . . . . . 1 . . . . . . . . Duelist 2 | . . . . . . . . . 1 . . . . . 1 . . . . . . . . Sentry 21 | . . . . . . 7 3 . 1 . . . . . 8 . 1 . . . 1 . . Specialist 2 | . . . . . . . . . . . . . . . 2 . . . . . . . . Hunter 2 | . . . . . . 1 1 . . . . . . . . . . . . . . . . Programmer 9 | . . . . . . . . . . . . . . . 2 . . . . . 2 5 . Cetus Guard 1 | . . . . . . . . . . . . . . . . 1 . . . . . . . Bolteater 1 | . . . . . . . . 1 . . . . . . . . . . . . . . . Federalist 3 | . . . . . . . . 3 . . . . . . . . . . . . . . . Explorer 2 | . . . . . . . . 2 . . . . . . . . . . . . . . . Ranger 4 | . . . . . . . . 4 . . . . . . . . . . . . . . . Guru 1 | . . . . . . . . 1 . . . . . . . . . . . . . . . Scientist 2 | . . . . . . . . 2 . . . . . . . . . . . . . . . Scrapper 12 | . . . . . . . . 12 . . . . . . . . . . . . . . . Elite 6 | . . . . . . . . 6 . . . . . . . . . . . . . . . Scrapoid 40 | . . . . . . . . 40 . . . . . . . . . . . . . . . Zionite 3 | . . . . 1 . . . 2 . . . . . . . . . . . . . . . Decomposer 4 | . . . . . . . . . . 2 2 . . . . . . . . . . . . Master Thief 1 | . . . . . . . . . . . 1 . . . . . . . . . . . . Thug 2 | . . . . . . . . 1 . . . . . . 1 . . . . . . . . Butcher 1 | . . . . . . . . . . . . . . . 1 . . . . . . . . Guerrilla 1 | . . . . . . . . . . . . . . . 1 . . . . . . . . Mutant 8 | . . . . . . . . 6 . . 1 . . . . . 1 . . . . . . Best Kill Streak 13 | . 5 3 . 7 1 5 2 4 4 . 1 . . 1 13 1 3 1 . . 4 2 . Combat Bots Only 8 | . 3 3 . 3 1 4 2 4 3 . 1 . . . 8 1 1 1 . . 4 2 . Max Kills in Single Turn 7 | . 2 1 . 4 1 2 1 1 2 1 1 . . 1 7 1 1 1 . . 4 1 . Gunslinging . | . . . . . . . . . . . . . . . . . . . . . . . . Exploded 4 | . 2 1 . 2 . 1 . . 1 . . . . . 4 . . . . . 4 1 . Melee 1 | . . . . . . . . . 1 . 1 . . . 1 1 1 1 . . 1 1 . Uniques/NPCs Destroyed 1 | . . . . . . . . 1 . . . . . . . . . . . . . . . Triborg (-8/Scraptown) Combat | -11 -10 -10 -10 -9 -8 -8 -8 -8 -6 -6 -6 -6 -5 -5 -5 -5 -5 -5 -4 -4 -3 -2 -2 -------- Run | Yrd Mat Min Exi Min Mat Sto Rec Scr Fac Low Low Dat Pro Fac Ext Cet Arc Hub Fac DSF Res Res Tes Hostile Shots Fired 890 | . 69 21 . 7 26 123 12 122 70 . 8 . . 4 100 . 22 34 . 11 54 199 8 Missed 257 | . 17 7 . 1 7 35 4 45 17 . 3 . . 1 27 . 6 11 . 5 19 48 4 Damage Taken 13620 | . 708 152 . 49 531 1337 109 1429 1115 33 199 . 101 59 1858 107 426 394 . 386 887 3648 92 Core 3051 | . 159 24 . 16 77 244 . 90 45 33 23 . 19 39 290 21 22 148 . 140 201 1393 67 Absorbed by Shields 214 | . . . . . . . . 32 . . . . . . 72 . . . . . . 110 . Redirected to Shielding 172 | . . . . . 24 29 . . . . 11 . 42 13 53 . . . . . . . . Regen/Repaired (Parts) 36 | . . . . . . . . . . . . . . 36 . . . . . . . . . Core Remaining (%) 64 | 100 . . . 20 . . . 25 . . . . 85 . . . . 48 . 87 84 . . Volleys Fired 326 | . 50 13 . 3 12 84 13 117 4 . . . . . 9 . . . . . 1 20 . Largest 2 | . 2 2 . 1 2 2 2 2 1 . . . . . 1 . . . . . 1 2 . Hottest 151 | . 70 60 . 33 111 151 151 90 33 . . . . . 45 . . . . . 45 70 . Shots Fired 653 | . 84 14 . 3 23 187 26 270 3 . . . . . 9 . . . . . 1 33 . Gun 518 | . 79 11 . . 22 185 13 179 . . . . . . . . . . . . . 29 . Cannon 29 | . . . . . . 2 13 14 . . . . . . . . . . . . . . . Launcher 67 | . 5 3 . 3 1 . . 40 3 . . . . . 9 . . . . . 1 2 . Special 39 | . . . . . . . . 37 . . . . . . . . . . . . . 2 . Kinetic 139 | . 33 1 . . 8 18 . 50 . . . . . . . . . . . . . 29 . Thermal 410 | . 46 10 . . 14 169 26 143 . . . . . . . . . . . . . 2 . Explosive 27 | . 5 3 . 3 1 . . . 3 . . . . . 9 . . . . . 1 2 . Electromagnetic 40 | . . . . . . . . 40 . . . . . . . . . . . . . . . Robot Hit Streak 31 | . 31 4 . 2 5 13 5 16 . . . . . . 5 . . . . . 4 6 . Robot Miss Streak 6 | . 6 3 . . 3 3 3 3 3 . . . . . 2 . . . . . 2 3 . Penetration Max 1 | . . . . . . . . . . . . . . . . . . . . . . 1 . Secondary Targets 2 | . . . . . . 1 . . . . . . . . . . . . . . . 1 . Max Gunslinging Chain 1 | . . . . . . 1 . . . . . . . . . . . . . . . 1 . Autonomous 152 | . . . . . . 22 . 130 . . . . . . . . . . . . . . . Shots Hit Robots 718 | . 59 6 . 2 13 130 14 320 20 2 9 . 2 1 63 5 12 3 . . 19 38 . Core Hits 431 | . 27 6 . 8 6 56 7 114 19 . 3 . . . 143 3 6 1 . . 17 15 . Critical Kills . | . . . . . . . . . . . . . . . . . . . . . . . . Critical Parts Destroyed 2 | . . . . . . . . 2 . . . . . . . . . . . . . . . Critical Strikes 23 | . 5 . . . 2 11 1 2 . . . . . . . . . 2 . . . . . Burn 19 | . 5 . . . 2 11 1 . . . . . . . . . . . . . . . . Destroy 2 | . . . . . . . . 2 . . . . . . . . . . . . . . . Melee Attacks 388 | . . . . . . . . 185 34 4 10 1 4 3 66 5 14 7 . . 29 26 . Impact 10 | . . . . . . . . 10 . . . . . . . . . . . . . . . Slashing 378 | . . . . . . . . 175 34 4 10 1 4 3 66 5 14 7 . . 29 26 . Piercing . | . . . . . . . . . . . . . . . . . . . . . . . . Sneak Attacks 175 | . . . . . . . . 139 2 2 7 . . 1 14 . 9 . . . 1 . . Combat Hostiles 10 | . . . . . . . . . . . . . . . 9 . . . . . 1 . . Follow-up Attacks . | . . . . . . . . . . . . . . . . . . . . . . . . Damage Inflicted 33583 | . 950 209 . 553 207 2557 343 15245 1355 150 652 . 131 84 7100 215 976 135 . . 1076 1645 . Guns 7115 | . 622 67 . . 202 2353 175 3023 . . . . . . . . . . . . . 673 . Cannons 164 | . . . . . . . 164 . . . . . . . . . . . . . . . . Explosions 6430 | . 328 135 . 553 . 204 . . 513 . . . . . 4010 . . . . . 301 386 . Melee 19840 | . . . . . . . . 12222 842 150 652 . 131 84 3090 215 976 133 . . 775 570 . Ramming 28 | . . 7 . . 5 . 4 . . . . . . . . . . 2 . . . 10 . Kinetic 1154 | . 180 . . . 31 86 . 184 . . . . . . . . . . . . . 673 . Thermal 6131 | . 442 67 . . 171 2267 339 2839 . . . . . . . . . . . . . 6 . Explosive 6430 | . 328 135 . 553 . 204 . . 513 . . . . . 4010 . . . . . 301 386 . Electromagnetic . | . . . . . . . . . . . . . . . . . . . . . . . . Impact . | . . . . . . . . . . . . . . . . . . . . . . . . Slashing 19840 | . . . . . . . . 12222 842 150 652 . 131 84 3090 215 976 133 . . 775 570 . Piercing . | . . . . . . . . . . . . . . . . . . . . . . . . Highest Corruption 32 | . . . . . . 2 2 18 2 2 2 2 2 . 5 5 5 5 . . 2 31 32 Average Corruption 7 | . . . . . . 2 2 11 1 2 2 2 2 . 5 5 5 5 . . 1 12 31 Corruption Purged . | . . . . . . . . . . . . . . . . . . . . . . . . Corruption Blocked . | . . . . . . . . . . . . . . . . . . . . . . . . Effects 393 | . . . . . . 20 28 275 8 4 4 1 1 . 1 7 16 . . . 1 25 2 Message Errors 100 | . . . . . . 7 7 67 1 . 1 1 1 . . 5 5 . . . . 4 1 Matter Fused 93 | . . . . . . 4 1 73 1 . 1 . . . . . 6 . . . . 7 . Heat Flow Errors 50 | . . . . . . 1 6 36 2 . 1 . . . . . 1 . . . 1 2 . Energy Discharges 45 | . . . . . . 3 4 29 3 . . . . . . 1 4 . . . . 1 . Parts Rejected 4 | . . . . . . . . 4 . . . . . . . . . . . . . . . Parts Fused 5 | . . . . . . . 1 3 . . . . . . 1 . . . . . . . . Data Loss (minor) 47 | . . . . . . 2 5 34 . 3 1 . . . . . . . . . . 1 1 Data Loss (major) 21 | . . . . . . 2 1 14 . . . . . . . 1 . . . . . 3 . Misfires 7 | . . . . . . 1 1 5 . . . . . . . . . . . . . . . Alerts 11 | . . . . . . . 1 8 . 1 . . . . . . . . . . . 1 . Misdirections 5 | . . . . . . . . 1 . . . . . . . . . . . . . 4 . Weapon Failures 5 | . . . . . . . 1 1 1 . . . . . . . . . . . . 2 . Overload Shots . | . . . . . . . . . . . . . . . . . . . . . . . . Overflow Damage 1980 | . 10 . . . . . . 847 50 140 244 . 99 54 191 . 238 . . . 38 69 . Projectiles . | . . . . . . . . . . . . . . . . . . . . . . . . Explosions 36 | . 10 . . . . . . . . . . . . . 14 . . . . . . 12 . Melee 1944 | . . . . . . . . 847 50 140 244 . 99 54 177 . 238 . . . 38 57 . Knockbacks . | . . . . . . . . . . . . . . . . . . . . . . . . Impact . | . . . . . . . . . . . . . . . . . . . . . . . . Kinetic . | . . . . . . . . . . . . . . . . . . . . . . . . Secondary . | . . . . . . . . . . . . . . . . . . . . . . . . Self-Inflicted Damage 547 | . 75 43 . . 39 18 . 100 11 . . . . . 56 . . 1 . . 24 180 . Shots 22 | . 3 1 . . 1 1 . 4 1 . . . . . 4 . . . . . 1 6 . Rammed 21 | . . 1 . . 1 . 1 . . . . . . . . . . 1 . . . 17 . Targets Rammed 22 | . . 1 . . 1 . 1 . . . . . . . . . . 1 . . . 18 . Kicked . | . . . . . . . . . . . . . . . . . . . . . . . . Crushed 1 | . . . . . . . . . . . . . . . . . . . . . . 1 . Highest Temperature 270 | . 242 . . . . 155 212 270 249 . 190 . . . . 3 254 4 . . 241 239 . Average Temperature 92 | . 86 . . . . 37 86 94 101 . 89 . . . . 3 134 3 . . 122 121 . Received Heat Transfer 2702 | . 357 . . . 81 585 27 513 450 . 70 . 36 27 328 21 72 36 . . 72 27 . Effects 1 | . 1 . . . . . . . . . . . . . . . . . . . . . . Energy Bleed 1 | . 1 . . . . . . . . . . . . . . . . . . . . . . Siege Activations . | . . . . . . . . . . . . . . . . . . . . . . . . Robots Corrupted . | . . . . . . . . . . . . . . . . . . . . . . . . Combat Hostiles . | . . . . . . . . . . . . . . . . . . . . . . . . Parts Fried . | . . . . . . . . . . . . . . . . . . . . . . . . Impact Corruptions . | . . . . . . . . . . . . . . . . . . . . . . . . Robots Melted 1 | . . . . . . 1 . . . . . . . . . . . . . . . . . Combat Hostiles 1 | . . . . . . 1 . . . . . . . . . . . . . . . . . Parts Melted 39 | . 8 . . . 2 11 2 11 5 . . . . . . . . . . . . . . Heat Transferred 11393 | . 1665 150 . . 481 5402 629 3066 . . . . . . . . . . . . . . . Parts Sabotaged . | . . . . . . . . . . . . . . . . . . . . . . . . Parts Stolen 2 | . . . . . . . . . . . 2 . . . . . . . . . . . . Parts Stripped . | . . . . . . . . . . . . . . . . . . . . . . . . Power Chain Reactions 18 | . . . . . . . . 18 . . . . . . . . . . . . . . . Alert | -11 -10 -10 -10 -9 -8 -8 -8 -8 -6 -6 -6 -6 -5 -5 -5 -5 -5 -5 -4 -4 -3 -2 -2 ------- Run | Yrd Mat Min Exi Min Mat Sto Rec Scr Fac Low Low Dat Pro Fac Ext Cet Arc Hub Fac DSF Res Res Tes Peak Influence 1857 | . 231 236 . 113 156 305 175 . 1523 . . . . 518 1857 1107 573 496 233 164 296 74 11 Initial 1039 | . . 90 . . 43 . 91 . . . . . . 304 253 1039 442 142 233 164 60 54 11 Average 293 | . 101 141 . 75 97 149 33 . 645 . . . . 427 856 1092 494 256 233 116 116 41 11 Maximum Alert Level 5 | . 1 1 . . . 1 . . 4 . . . . 2 5 4 2 2 1 . 1 . . Low Security (%) 60 | 100 91 85 . 100 100 69 100 . 5 . . . . . . . . 46 . 100 80 100 100 Level 1 15 | . 8 14 . . . 30 . . 31 . . . . 15 21 . 22 38 100 . 19 . . Level 2 12 | . . . . . . . . . 24 . . . . 84 36 . 77 14 . . . . . Level 3 3 | . . . . . . . . . 22 . . . . . 6 24 . . . . . . . Level 4 6 | . . . . . . . . . 15 . . . . . 25 75 . . . . . . . Level 5 1 | . . . . . . . . . . . . . . . 9 . . . . . . . . High Security . | . . . . . . . . . . . . . . . . . . . . . . . . Max Security . | . . . . . . . . . . . . . . . . . . . . . . . . Squads Dispatched 26 | . 3 . . . 1 3 . . 5 . . . . 1 5 . . 5 . . 1 2 . Investigation 8 | . 1 . . . . 1 . . 1 . . . . 1 1 . . 3 . . . . . Extermination 4 | . . . . . . . . . 1 . . . . . . . . . . . 1 2 . Reinforcement 7 | . 2 . . . 1 1 . . 2 . . . . . . . . 1 . . . . . Assault 6 | . . . . . . . . . 1 . . . . . 4 . . 1 . . . . . Garrison 1 | . . . . . . 1 . . . . . . . . . . . . . . . . . Intercept . | . . . . . . . . . . . . . . . . . . . . . . . . Searches Triggered . | . . . . . . . . . . . . . . . . . . . . . . . . Construction Impeded 1 | . . . . . . . . . 1 . . . . . . . . . . . . . . Haulers Reinforced . | . . . . . . . . . . . . . . . . . . . . . . . . Active Scanning Responses . | . . . . . . . . . . . . . . . . . . . . . . . . Cargo Convoy Interrupts . | . . . . . . . . . . . . . . . . . . . . . . . . Stealth | -11 -10 -10 -10 -9 -8 -8 -8 -8 -6 -6 -6 -6 -5 -5 -5 -5 -5 -5 -4 -4 -3 -2 -2 --------- Run | Yrd Mat Min Exi Min Mat Sto Rec Scr Fac Low Low Dat Pro Fac Ext Cet Arc Hub Fac DSF Res Res Tes Distress Signals 11 | . 2 1 . . 2 1 . . . . . . . . 3 1 . 1 . . . . . Communications Jammed 3 | . . . . . . . . . 2 . . . . . . . . . . . . 1 . Distress Signals 1 | . . . . . . . . . . . . . . . . . . . . . . 1 . Times Spotted 318 | . 19 6 . 3 13 32 4 78 40 3 9 . 1 3 55 5 8 13 . 1 10 12 3 Peak Tracking Total 9 | . 4 3 . 3 6 4 2 4 6 2 3 . 1 3 9 5 2 7 . 1 6 7 3 Tactical Retreats 13 | . 3 . . . 1 3 . 1 . . . . . . 2 . . . . 1 2 . . Traps | -11 -10 -10 -10 -9 -8 -8 -8 -8 -6 -6 -6 -6 -5 -5 -5 -5 -5 -5 -4 -4 -3 -2 -2 ------- Run | Yrd Mat Min Exi Min Mat Sto Rec Scr Fac Low Low Dat Pro Fac Ext Cet Arc Hub Fac DSF Res Res Tes Traps Triggered 7 | . 1 . . . . 1 . . 3 . . . . . 1 . . . . . . 1 . Indirectly . | . . . . . . . . . . . . . . . . . . . . . . . . Trap Hack Attempts . | . . . . . . . . . . . . . . . . . . . . . . . . Triggered . | . . . . . . . . . . . . . . . . . . . . . . . . Disarmed . | . . . . . . . . . . . . . . . . . . . . . . . . Reprogrammed . | . . . . . . . . . . . . . . . . . . . . . . . . Reused . | . . . . . . . . . . . . . . . . . . . . . . . . Traps Extracted . | . . . . . . . . . . . . . . . . . . . . . . . . Installed . | . . . . . . . . . . . . . . . . . . . . . . . . Triggered . | . . . . . . . . . . . . . . . . . . . . . . . . Machines | -11 -10 -10 -10 -9 -8 -8 -8 -8 -6 -6 -6 -6 -5 -5 -5 -5 -5 -5 -4 -4 -3 -2 -2 ---------- Run | Yrd Mat Min Exi Min Mat Sto Rec Scr Fac Low Low Dat Pro Fac Ext Cet Arc Hub Fac DSF Res Res Tes Machines Disabled 79 | . 2 . . . . 3 1 47 14 . . . . 1 2 3 1 4 . . 1 . . Max in Single Turn 2 | . 2 . . . . 2 1 1 . . . . . . . . . . . . 1 . . Garrison Access 3 | . . . . . . . . . 2 . . . . . . . . 1 . . . . . Machines Repaired . | . . . . . . . . . . . . . . . . . . . . . . . . Machines Dismantled . | . . . . . . . . . . . . . . . . . . . . . . . . Machines Sabotaged . | . . . . . . . . . . . . . . . . . . . . . . . . Overloaded Fab Kills . | . . . . . . . . . . . . . . . . . . . . . . . . Hacking | -11 -10 -10 -10 -9 -8 -8 -8 -8 -6 -6 -6 -6 -5 -5 -5 -5 -5 -5 -4 -4 -3 -2 -2 --------- Run | Yrd Mat Min Exi Min Mat Sto Rec Scr Fac Low Low Dat Pro Fac Ext Cet Arc Hub Fac DSF Res Res Tes Machines Accessed 37 | . 4 . 1 . 1 3 1 1 7 . . 3 . 3 7 . . 3 1 . 2 . . Terminals 24 | . 4 . . . 1 3 . . 3 . . . . 1 7 . . 3 1 . 1 . . Fabricators 2 | . . . . . . . . . 2 . . . . . . . . . . . . . . Repair Stations 1 | . . . . . . . . . . . . . . 1 . . . . . . . . . Recycling Units 2 | . . . . . . . 1 . . . . . . . . . . . . . 1 . . Scanalyzers 1 | . . . . . . . . . . . . . . 1 . . . . . . . . . Garrison Access 2 | . . . . . . . . . 2 . . . . . . . . . . . . . . Total Hacks 86 | . 8 . 1 . 3 7 1 2 11 . . 26 . 4 12 . . 6 1 . 4 . . Successful 57 | . 4 . 1 . 2 3 1 2 6 . . 26 . 4 3 . . 3 1 . 1 . . Failed 29 | . 4 . . . 1 4 . . 5 . . . . . 9 . . 3 . . 3 . . Catastrophic 6 | . . . . . . . . . 1 . . . . . 4 . . . . . 1 . . Database Lockouts . | . . . . . . . . . . . . . . . . . . . . . . . . Manual 43 | . 8 . 1 . 1 5 1 . 8 . . . . 2 11 . . 5 . . 1 . . Terminals 46 | . 8 . . . 3 7 . . 7 . . . . 1 12 . . 6 1 . 1 . . Fabricators 2 | . . . . . . . . . 2 . . . . . . . . . . . . . . Repair Stations 1 | . . . . . . . . . . . . . . 1 . . . . . . . . . Recycling Units 4 | . . . . . . . 1 . . . . . . . . . . . . . 3 . . Scanalyzers 2 | . . . . . . . . . . . . . . 2 . . . . . . . . . Garrison Access 2 | . . . . . . . . . 2 . . . . . . . . . . . . . . Terminal Hacks 43 | . . . 1 . 2 3 . 2 3 . . 26 . 1 3 . . 1 1 . . . . Record 7 | . . . . . . . . 1 . . . 6 . . . . . . . . . . . Part Schematic 13 | . . . . . . . . . 1 . . 12 . . . . . . . . . . . Robot Schematic 5 | . . . . . . . . . . . . 5 . . . . . . . . . . . Prototype ID Bank 3 | . . . . . . . . . . . . 3 . . . . . . . . . . . Open Door 3 | . . . . . . 2 . 1 . . . . . . . . . . . . . . . Open DSF 1 | . . . . . . . . . . . . . . . . . . . 1 . . . . Level Access Points 2 | . . . . . . . . . 1 . . . . . . . . 1 . . . . . Branch Access Points 3 | . . . . . 1 . . . 1 . . . . 1 . . . . . . . . . Alert Level 1 | . . . . . . . . . . . . . . . 1 . . . . . . . . Unreport Threat 1 | . . . . . . . . . . . . . . . 1 . . . . . . . . Recall Investigation 1 | . . . . . . . . . . . . . . . 1 . . . . . . . . Hauler Manifests 2 | . . . . . 1 1 . . . . . . . . . . . . . . . . . Derelict Proto ID Bank 1 | . . . 1 . . . . . . . . . . . . . . . . . . . . Fabricator Hacks . | . . . . . . . . . . . . . . . . . . . . . . . . Repair Station Hacks . | . . . . . . . . . . . . . . . . . . . . . . . . Recycling Unit Hacks 1 | . . . . . . . . . . . . . . . . . . . . . 1 . . Retrieve Components 1 | . . . . . . . . . . . . . . . . . . . . . 1 . . Scanalyzer 2 | . . . . . . . . . . . . . . 2 . . . . . . . . . Insert Component 1 | . . . . . . . . . . . . . . 1 . . . . . . . . . Analyze 1 | . . . . . . . . . . . . . . 1 . . . . . . . . . Garrison Access Hacks 2 | . . . . . . . . . 2 . . . . . . . . . . . . . . Seal Access 2 | . . . . . . . . . 2 . . . . . . . . . . . . . . Unauthorized Hacks 9 | . 4 . . . . . 1 . 1 . . . . 1 . . . 2 . . . . . Terminals 6 | . 4 . . . . . . . . . . . . . . . . 2 . . . . . Skim 4 | . 4 . . . . . . . . . . . . . . . . . . . . . . Sabotage 2 | . . . . . . . . . . . . . . . . . . 2 . . . . . Fabricators 1 | . . . . . . . . . 1 . . . . . . . . . . . . . . Recompile 1 | . . . . . . . . . 1 . . . . . . . . . . . . . . Repair Stations 1 | . . . . . . . . . . . . . . 1 . . . . . . . . . Patch 1 | . . . . . . . . . . . . . . 1 . . . . . . . . . Recycling Units 1 | . . . . . . . 1 . . . . . . . . . . . . . . . . Tunnel 1 | . . . . . . . 1 . . . . . . . . . . . . . . . . Scanalyzers . | . . . . . . . . . . . . . . . . . . . . . . . . Garrison Access . | . . . . . . . . . . . . . . . . . . . . . . . . Data Cores Recovered 3 | . . . . . . . . . 1 . . . . 1 1 . . . . . . . . Used 1 | . . . . . . . . . . . . . . 1 . . . . . . . . . Hacking Detections 15 | . 1 . . . . 1 . . 3 . . . . . 7 . . 2 . . 1 . . Full Trace Events 1 | . . . . . . . . . . . . . . . . . . 1 . . . . . Feedback Events . | . . . . . . . . . . . . . . . . . . . . . . . . Feedback Blocked . | . . . . . . . . . . . . . . . . . . . . . . . . Robot Schematics Acquired 5 | . . . . . . . . . . . . 5 . . . . . . . . . . . Robots Built . | . . . . . . . . . . . . . . . . . . . . . . . . Authchips . | . . . . . . . . . . . . . . . . . . . . . . . . Time . | . . . . . . . . . . . . . . . . . . . . . . . . Total Robot Build Rating . | . . . . . . . . . . . . . . . . . . . . . . . . Part Schematics Acquired 14 | . . . . . . . . . 1 . . 12 . 1 . . . . . . . . . Parts Built . | . . . . . . . . . . . . . . . . . . . . . . . . Authchips . | . . . . . . . . . . . . . . . . . . . . . . . . Time . | . . . . . . . . . . . . . . . . . . . . . . . . Total Part Build Rating . | . . . . . . . . . . . . . . . . . . . . . . . . Parts Repaired . | . . . . . . . . . . . . . . . . . . . . . . . . Time . | . . . . . . . . . . . . . . . . . . . . . . . . Parts Recycled . | . . . . . . . . . . . . . . . . . . . . . . . . Recycled Matter . | . . . . . . . . . . . . . . . . . . . . . . . . Retrieved Matter . | . . . . . . . . . . . . . . . . . . . . . . . . Retrieved Components 2 | . . . . . . . . . . . . . . . . . . . . . 2 . . Parts Scanalyzed 1 | . . . . . . . . . . . . . . 1 . . . . . . . . . Part Schematics Acquired 1 | . . . . . . . . . . . . . . 1 . . . . . . . . . Parts Damaged . | . . . . . . . . . . . . . . . . . . . . . . . . Bothacking | -11 -10 -10 -10 -9 -8 -8 -8 -8 -6 -6 -6 -6 -5 -5 -5 -5 -5 -5 -4 -4 -3 -2 -2 ------------ Run | Yrd Mat Min Exi Min Mat Sto Rec Scr Fac Low Low Dat Pro Fac Ext Cet Arc Hub Fac DSF Res Res Tes Used RIF Installer . | . . . . . . . . . . . . . . . . . . . . . . . . Robots Hacked . | . . . . . . . . . . . . . . . . . . . . . . . . Non-combat . | . . . . . . . . . . . . . . . . . . . . . . . . Combat . | . . . . . . . . . . . . . . . . . . . . . . . . Robot Hacks Applied . | . . . . . . . . . . . . . . . . . . . . . . . . Relay Couplers Released 3 | . . . . . . . . . . . . . . . . . . 3 . . . . . Machine Destruction 3 | . . . . . . . . . . . . . . . . . . 3 . . . . . Fabnet Peak Effective % . | . . . . . . . . . . . . . . . . . . . . . . . . Robots Rewired 22 | . . . . . . . 4 . . . . . . . 18 . . . . . . . . Allies Hacked . | . . . . . . . . . . . . . . . . . . . . . . . . Hacks Repelled . | . . . . . . . . . . . . . . . . . . . . . . . . Allies | -11 -10 -10 -10 -9 -8 -8 -8 -8 -6 -6 -6 -6 -5 -5 -5 -5 -5 -5 -4 -4 -3 -2 -2 -------- Run | Yrd Mat Min Exi Min Mat Sto Rec Scr Fac Low Low Dat Pro Fac Ext Cet Arc Hub Fac DSF Res Res Tes Total Allies 90 | . . . . . . . 4 51 3 1 1 . . . 28 1 1 . . . . . . Largest Group 20 | . . . . . . . 4 20 7 7 4 2 2 2 17 9 4 2 . . . . . Highest-Rated Group 1142 | . . . . . . . 92 1142 449 434 276 171 171 171 565 391 252 202 . . . . . Highest-Rated Ally 159 | . . . . . . . 34 114 114 114 114 102 102 102 159 159 130 130 . . . . . Total Orders 181 | . . . . . . . . 173 2 . . . . . 5 . . 1 . . . . . STAY 37 | . . . . . . . . 33 1 . . . . . 2 . . 1 . . . . . ROAM 5 | . . . . . . . . 5 . . . . . . . . . . . . . . . FOLLOW 43 | . . . . . . . . 39 1 . . . . . 3 . . . . . . . . EXPLORE 9 | . . . . . . . . 9 . . . . . . . . . . . . . . . RETURN 87 | . . . . . . . . 87 . . . . . . . . . . . . . . . Ally Attacks 1400 | . . . . . . . . 948 88 37 59 . 12 15 165 35 16 25 . . . . . Total Damage 30499 | . . . . . . . . 13242 4780 1637 1655 . 275 589 5058 999 848 1416 . . . . . Kills 234 | . . . . . . . . 114 38 11 6 . 2 6 40 5 4 8 . . . . . Allies Corrupted 1 | . . . . . . . . 1 . . . . . . . . . . . . . . . Allies Melted 1 | . . . . . . . . . . 1 . . . . . . . . . . . . . Intel | -11 -10 -10 -10 -9 -8 -8 -8 -8 -6 -6 -6 -6 -5 -5 -5 -5 -5 -5 -4 -4 -3 -2 -2 ------- Run | Yrd Mat Min Exi Min Mat Sto Rec Scr Fac Low Low Dat Pro Fac Ext Cet Arc Hub Fac DSF Res Res Tes Robot Analysis Total . | . . . . . . . . . . . . . . . . . . . . . . . . Derelict Logs Recovered 4 | . . 2 . . . . . . . 1 1 . . . . . . . . . . . . Drone Launches 203 | . . . . . . . . 203 . . . . . . . . . . . . . . . Drone Recoveries 176 | . . . . . . . . 176 . . . . . . . . . . . . . . . Exploration | -11 -10 -10 -10 -9 -8 -8 -8 -8 -6 -6 -6 -6 -5 -5 -5 -5 -5 -5 -4 -4 -3 -2 -2 ------------- Run | Yrd Mat Min Exi Min Mat Sto Rec Scr Fac Low Low Dat Pro Fac Ext Cet Arc Hub Fac DSF Res Res Tes Turns Passed 38590 | 73 635 410 270 21 459 1948 2100 26738 949 380 459 81 191 171 1266 308 626 109 33 53 408 860 42 Spaces Moved 20557 | 40 306 348 218 12 315 598 634 13597 688 327 495 80 236 197 1009 183 378 122 49 54 217 403 51 Core 142 | 2 . . . . . . . 20 . . . . . . . . . . . . . 120 . Treads 4393 | 38 202 . . . . 598 634 2899 . . . . . . . . . . . . . 22 . Legs 208 | . . . . . . . . 30 . . . . . . . . . . . . 29 149 . Wheels 12784 | . 104 348 218 12 315 . . 10648 688 327 124 . . . . . . . . . . . . Hover 2901 | . . . . . . . . . . . 371 80 236 197 1009 183 378 122 49 54 188 34 . Flight 129 | . . . . . . . . . . . . . . . . . . . . . . 78 51 Fastest Speed 45 | 50 85 90 120 120 105 225 320 57 110 90 68 68 68 68 59 59 50 50 58 54 122 45 45 Average Speed 150 | 154 139 105 120 120 120 259 320 159 114 90 73 68 68 68 68 104 119 50 58 84 139 126 45 Slowest Speed 480 | 160 160 120 120 120 135 320 320 480 120 110 138 68 68 68 141 131 132 50 58 131 250 250 45 Overloaded Moves . | . . . . . . . . . . . . . . . . . . . . . . . . Propulsion Burnouts . | . . . . . . . . . . . . . . . . . . . . . . . . Robots Hopped 2 | . . . . . . . . . . . . . . . . 2 . . . . . . . Cave-ins Triggered . | . . . . . . . . . . . . . . . . . . . . . . . . Exploration Rate (%) 44 | 4 59 64 60 8 18 59 92 97 24 59 42 75 49 4 90 54 82 13 4 85 7 13 4 Regions Visited 23 Branch Regions 15 Pre-discovered Areas 4 | . . 2 . . . . 1 . . . . 1 . . . . . . . . . . . Known Exits Taken 11 | . . . . . 1 . . 1 1 . 1 . 1 1 . 1 1 1 1 . 1 . . Unknown Exits Taken 11 | 1 1 1 1 1 . 1 1 . . 1 . 1 . . 1 . . . . . . 1 . Scrap Searched 13 | . . 1 . . . . . 6 . 3 3 . . . . . . . . . . . . Spaces Dug 102 | . . . . . 12 . . 58 4 2 . 1 . 2 2 . . 4 . . 8 9 . Terrain Destroyed 489 | . 58 18 . 25 12 11 7 78 15 2 . 1 . 2 194 . . 4 . . 22 40 . Melee 40 | . . . . . . . . 9 4 2 . 1 . 2 2 . . 4 . . 8 8 . Projectile 29 | . . . . . . 2 7 16 . . . . . . . . . . . . . 4 . AOE 373 | . 58 18 . 25 12 9 . 6 11 . . . . . 192 . . . . . 14 28 . Terrain Rammed . | . . . . . . . . . . . . . . . . . . . . . . . . Walls Destroyed . | . . . . . . . . . . . . . . . . . . . . . . . . Machines Disabled . | . . . . . . . . . . . . . . . . . . . . . . . . Actions | -11 -10 -10 -10 -9 -8 -8 -8 -8 -6 -6 -6 -6 -5 -5 -5 -5 -5 -5 -4 -4 -3 -2 -2 --------- Run | Yrd Mat Min Exi Min Mat Sto Rec Scr Fac Low Low Dat Pro Fac Ext Cet Arc Hub Fac DSF Res Res Tes Total 27305 | 48 436 376 229 15 375 834 683 18327 801 407 577 105 260 229 1478 297 539 160 53 61 281 664 70 Wait 4972 | . 55 . . . 27 90 4 3926 39 67 50 24 18 13 258 77 108 31 . 2 5 159 19 Move 20533 | 39 305 347 217 11 315 597 633 13596 687 326 494 79 235 196 1008 179 377 122 48 53 216 402 51 Hop 1 | . . . . . . . . . . . . . . . . 1 . . . . . . . Pick Up 300 | 3 14 6 3 . 6 11 2 171 13 4 . . 2 7 6 14 19 . . 2 12 5 . Fast Attach 131 | 6 3 . . . 4 19 1 74 3 . 4 . 1 3 4 2 . . . . 2 5 . Attach 125 | . 3 1 1 . 2 7 . 43 8 2 10 . . 1 10 1 4 . 5 4 7 16 . Detach 53 | . . . . . . 4 2 22 4 1 1 1 . 1 6 . 2 . . . 3 6 . Swap 33 | . 3 5 1 1 3 5 2 3 . . . . . 1 1 2 1 . . . 3 2 . Drop 298 | . 3 3 7 . 6 17 7 189 9 3 8 . . 4 5 16 14 . . . 3 4 . Fire 326 | . 50 13 . 3 12 84 13 117 4 . . . . . 9 . . . . . 1 20 . Melee 388 | . . . . . . . . 185 34 4 10 1 4 3 66 5 14 7 . . 29 26 . Ram 2 | . . 1 . . . . . . . . . . . . . . . . . . . 1 . Kick . | . . . . . . . . . . . . . . . . . . . . . . . . Crush 19 | . . . . . . . 1 . . . . . . . . . . . . . . 18 . Escape Stasis 13 | . . . . . . . . . . . . . . . 13 . . . . . . . . Rewire 111 | . . . . . . . 18 1 . . . . . . 92 . . . . . . . . Trap . | . . . . . . . . . . . . . . . . . . . . . . . . Miscellaneous . | . . . . . . . . . . . . . . . . . . . . . . . . Route ------- -11/Scrapyard -10/Materials (discovered 2 exits: [*Mat] / [*Min]) -10/Mines -10/Exiles -9/Mines -8/Materials -8/Storage -8/Recycling (discovered 2 exits: *Fac / *Scr) -8/Scraptown (discovered 2 exits: *Fac x2) -6/Factory (discovered 6 exits: Fac x4 / *Low x2) -6/Lower Caves -6/Lower Caves (discovered 2 exits: Fac / *Dat) -6/Data Miner -5/Proximity Caves -5/Factory (discovered 6 exits: Fac x2 / Upp x2 / *Ext x2) -5/Extension (discovered 2 exits: *Fac / [*Cet]) -5/Cetus -5/Archives (discovered 3 exits: *Fac / *Hub x2) -5/Hub_04(d) (discovered 4 exits: *Fac x4) -4/Factory -4/DSF -3/Research -2/Research -2/Testing History --------- Turn | Location | Event 2 | -11/Scrapyard | Met Revision 17 18 | -11/Scrapyard | Discovered new exit (range 16) 74 | -11/Scrapyard | Entered Materials 296 | -10/Materials | Discovered new exit (range 16) 303 | -10/Materials | Build established: Mutant 548 | -10/Materials | Core integrity fell below 50% 595 | -10/Materials | Discovered new exit (range 15) 709 | -10/Materials | Entered Mines 710 | -10/Mines | Learned location of Storage (-8) 739 | -10/Mines | Learned location of Zion (-7) 907 | -10/Mines | Received a Rocket Launcher from a helpful Derelict 990 | -10/Mines | Learned Materials emergency access door positions 1114 | -10/Mines | Deemed a non-threat by the Exiles lab entrance 1114 | -10/Mines | Discovered new exit (range 5) 1119 | -10/Mines | Entered Exiles 1149 | -10/Exiles | Met 8R-AWN 1169 | -10/Exiles | Met EX-HEX 1203 | -10/Exiles | Met EX-BIN 1220 | -10/Exiles | Aligned with FarCom system 1221 | -10/Exiles | Given EX-Vault access code 1249 | -10/Exiles | Opened EX-Vault 1261 | -10/Exiles | Found Army-in-a-Box 1270 | -10/Exiles | Found AWS/Thermal 1275 | -10/Exiles | Found Supersonic Drone Bay 1300 | -10/Exiles | Warned to stay clear of 0b10 Research branches 1307 | -10/Exiles | Exiles lab attacked by MAIN.C 1378 | -10/Exiles | Discovered new exit (range 11) 1389 | -10/Exiles | Stole three prototypes: Supersonic Drone Bay, Army-in-a-Box, AWS/Thermal 1389 | -10/Exiles | Entered Mines 1389 | -9/Mines | Discovered new exit (range 9) 1410 | -9/Mines | Entered Materials 1410 | -8/Materials | Evolved 4 slots: Utility x4 1425 | -8/Materials | Identified exit to Storage 1869 | -8/Materials | Entered Storage 1900 | -8/Storage | Lost 5 parts (1p1n1u2w) 2539 | -8/Storage | Lost 3 parts (2p1u) 2824 | -8/Storage | Build established: Scavenger-Mutant 3182 | -8/Storage | Core integrity fell below 50% 3223 | -8/Storage | Garrison activated, responded to threat 3535 | -8/Storage | Build established: Mutant 3804 | -8/Storage | Used back door to open Recycling access 3804 | -8/Storage | Discovered new exit (range 5) 3817 | -8/Storage | Entered Recycling 4158 | -8/Recycling | Build established: Scavenger-Mutant 4336 | -8/Recycling | Discovered new exit (range 8) 5839 | -8/Recycling | Scanned before Scraplab entrance 5884 | -8/Recycling | Entered Scraplab 5910 | -8/Recycling | Discovered new exit (range 3) 5917 | -8/Recycling | Entered Scraptown 5917 | -8/Scraptown | Accompanied by 4 allies 5917 | -8/Scraptown | System corruption cleaned by C-Scrubber 6202 | -8/Scraptown | Heard Great Nut preacher, LISTEN AND RECITE! 6620 | -8/Scraptown | Visited Supply Room 6780 | -8/Scraptown | Visited CPS Storage 6828 | -8/Scraptown | Visited TADAMA 6876 | -8/Scraptown | Visited Assassins FH 7295 | -8/Scraptown | Visited Cave Peace 7340 | -8/Scraptown | Visited Red Mages 7513 | -8/Scraptown | Released all parts (9) 7800 | -8/Scraptown | Build established: Commander-Mutant 7809 | -8/Scraptown | Discovered new exit (range 65) 9210 | -8/Scraptown | Attacked by Scraptown defenders 9214 | -8/Scraptown | Allies destroyed Triborg 9247 | -8/Scraptown | Lost 3 allies 9518 | -8/Scraptown | Build established: Mutant 9700 | -8/Scraptown | Lost 4 allies 13368 | -8/Scraptown | System corruption reached 10% 14959 | -8/Scraptown | AWS/Thermal suddenly broke down 15822 | -8/Scraptown | Visited Sword Containment 15965 | -8/Scraptown | Visited Scrapoid Pod Storage 16032 | -8/Scraptown | Visited Botcube Research 16117 | -8/Scraptown | Visited LU-1G1's Boring Crew 16186 | -8/Scraptown | Visited A0-MCA Data Center 16292 | -8/Scraptown | Visited Supply Room 16544 | -8/Scraptown | Visited DA-N13 Charitable Foundation 16560 | -8/Scraptown | Found DCF Scrap (29 items) 16942 | -8/Scraptown | Visited Science Testing Area 17142 | -8/Scraptown | Found Prototype Special Weapon 17142 | -8/Scraptown | Identified LU-1G1's Laser Shovel 17329 | -8/Scraptown | Visited Curators Association 18398 | -8/Scraptown | Discovered new exit (range 3) 18410 | -8/Scraptown | System corruption cleaned by C-Scrubber 20835 | -8/Scraptown | Found Scrap Suit 21129 | -8/Scraptown | Build established: Scavenger-Scrapper 21743 | -8/Scraptown | Found Scrapoid Pod 21960 | -8/Scraptown | Scrapoid Pod released 08S05-D (x5) 22144 | -8/Scraptown | Murdered 5 allies 22761 | -8/Scraptown | Found Scrapoid Pod 22763 | -8/Scraptown | Found Scrapoid Pod 22766 | -8/Scraptown | Found Scrapoid Pod 22768 | -8/Scraptown | Found Scrapoid Pod 22770 | -8/Scraptown | Found Scrapoid Pod 22772 | -8/Scraptown | Found Scrapoid Pod 22774 | -8/Scraptown | Found Scrapoid Pod 22972 | -8/Scraptown | Scrapoid Pod released 08S10-D (x5) 23189 | -8/Scraptown | Murdered 5 allies 23598 | -8/Scraptown | Found Scrap Suit 23697 | -8/Scraptown | Found Lrg. Botcube 24120 | -8/Scraptown | Lrg. Botcube activated 24156 | -8/Scraptown | Lrg. Botcube completed mutation into treaded form, armed with 4 guns. 24213 | -8/Scraptown | Found Lrg. Botcube 25001 | -8/Scraptown | Found Scrap Suit 25417 | -8/Scraptown | Lrg. Botcube activated 25445 | -8/Scraptown | Lrg. Botcube completed mutation into wheeled form, armed with 4 guns. 25771 | -8/Scraptown | Scrapoid Pod released 08S15-D (x5) 25893 | -8/Scraptown | Murdered 4 allies 26294 | -8/Scraptown | Found Scrap Suit 26619 | -8/Scraptown | Botcube activated 26639 | -8/Scraptown | Botcube completed mutation into wheeled form, armed with 2 guns. 26711 | -8/Scraptown | Found Botcube 26836 | -8/Scraptown | Found Scrap Suit 27535 | -8/Scraptown | Botcube activated 27553 | -8/Scraptown | Botcube completed mutation into treaded form (unarmed). 27714 | -8/Scraptown | Murdered Mutated Botcube 27804 | -8/Scraptown | Found Scrap Suit 27856 | -8/Scraptown | Found Botcube 28212 | -8/Scraptown | Botcube activated 28230 | -8/Scraptown | Botcube completed mutation into wheeled form, armed with 2 guns. 28702 | -8/Scraptown | Scrapoid Pod released 08S20-D (x5) 28815 | -8/Scraptown | Murdered 5 allies 28996 | -8/Scraptown | Scrapoid Pod released 08S25-D (x5) 29319 | -8/Scraptown | Murdered 5 allies 29555 | -8/Scraptown | Found Scrap Suit 29672 | -8/Scraptown | Botcube activated 29692 | -8/Scraptown | Botcube completed mutation into wheeled form, armed with 2 guns. 29797 | -8/Scraptown | Found Tri-treads 29799 | -8/Scraptown | Found Tri-treads 29961 | -8/Scraptown | System corruption cleaned by C-Scrubber 29973 | -8/Scraptown | Build established: Commander-Scrapper 30469 | -8/Scraptown | Scrapoid Pod released 08S30-D (x5) 30776 | -8/Scraptown | Scrapoid Pod released 08S35-D (x5) 30997 | -8/Scraptown | Scrapoid Pod released 08S40-D (x5) 31136 | -8/Scraptown | Murdered 15 allies 31421 | -8/Scraptown | Murdered *scrapoid enthusiast 31425 | -8/Scraptown | Found Botcube 31474 | -8/Scraptown | Botcube activated 31478 | -8/Scraptown | Found Botcube 31507 | -8/Scraptown | Botcube activated 31511 | -8/Scraptown | Botcube completed mutation into core form, armed with 1 gun. 31518 | -8/Scraptown | Murdered Mutated Botcube 31523 | -8/Scraptown | Botcube activated 31527 | -8/Scraptown | Botcube completed mutation into core form, armed with 1 gun. 31535 | -8/Scraptown | Murdered Mutated Botcube 31542 | -8/Scraptown | Botcube activated 31546 | -8/Scraptown | Botcube completed mutation into core form, armed with 1 gun. 31557 | -8/Scraptown | Murdered Mutated Botcube 31566 | -8/Scraptown | Botcube activated 31570 | -8/Scraptown | Botcube completed mutation into core form, armed with 1 gun. 31576 | -8/Scraptown | Murdered Mutated Botcube 31581 | -8/Scraptown | Found Botcube 31602 | -8/Scraptown | Murdered 4 allies 31719 | -8/Scraptown | Build established: Scavenger-Scrapper 32642 | -8/Scraptown | Identified exit to Factory 32655 | -8/Scraptown | Entered Factory 32655 | -6/Factory | Accompanied by 4 allies 32655 | -6/Factory | Evolved 4 slots: Propulsion x3, Utility x1 32657 | -6/Factory | FarCom data flow suspended 32780 | -6/Factory | Allied Derelicts emerged from ambush trap array 32997 | -6/Factory | Build established: Scavenger-Mutant 33127 | -6/Factory | Identified exit to Lower Caves 33277 | -6/Factory | Identified exit to Factory 33355 | -6/Factory | First assault squad dispatched 33521 | -6/Factory | Spotted B-75 Beast 33582 | -6/Factory | Found Prototype Launcher 33582 | -6/Factory | Identified Rocket Array 33585 | -6/Factory | Found Rocket Array 33587 | -6/Factory | Found Rocket Array 33604 | -6/Factory | Entered Lower Caves 33604 | -6/Lower Caves | Accompanied by 7 allies 33604 | -6/Lower Caves | Spotted DJ-H34(f) 33605 | -6/Lower Caves | Allies destroyed DJ-H34(f) 33617 | -6/Lower Caves | Spotted B5-9N4(f) 33618 | -6/Lower Caves | Encountered a Master Thief 33626 | -6/Lower Caves | Allies destroyed B5-9N4(f) 33632 | -6/Lower Caves | Lrg. Botcube activated 33648 | -6/Lower Caves | Lrg. Botcube completed mutation into legged form, armed with 1 gun. 33654 | -6/Lower Caves | Lost 3 allies 33759 | -6/Lower Caves | Acquired the password to a Derelict Tinkerer's latest research 33796 | -6/Lower Caves | Learned 8 Factory zone layouts 33900 | -6/Lower Caves | Discovered new exit (range 19) 33911 | -6/Lower Caves | Build established: Scavenger-Scrapper 33984 | -6/Lower Caves | Entered another Lower Caves area 33984 | -6/Lower Caves | Accompanied by 4 allies 33984 | -6/Lower Caves | Discovered exit to Factory (range 10) 34051 | -6/Lower Caves | Murdered *little slagger 34068 | -6/Lower Caves | Botcube activated 34072 | -6/Lower Caves | Botcube completed mutation into wheeled form (unarmed). 34112 | -6/Lower Caves | Identified exit to Data Miner 34284 | -6/Lower Caves | Spotted G9-YBS(f) 34285 | -6/Lower Caves | Spotted XI-3PX(f) 34286 | -6/Lower Caves | Encountered a Master Thief 34286 | -6/Lower Caves | Encountered a Master Thief 34286 | -6/Lower Caves | Spotted JB-9L4(f) 34289 | -6/Lower Caves | Encountered a Master Thief 34299 | -6/Lower Caves | Botcube stolen by Master Thief 34302 | -6/Lower Caves | Destroyed G9-YBS(f) 34302 | -6/Lower Caves | Nanoactuators stolen by Master Thief 34351 | -6/Lower Caves | Build established: Scavenger-Mutant 34366 | -6/Lower Caves | Allies destroyed JB-9L4(f) 34443 | -6/Lower Caves | Entered Data Miner 34443 | -6/Data Miner | Accompanied by 2 allies 34443 | -6/Data Miner | Discovered new exit (range 6) 34452 | -6/Data Miner | Met Data Miner 34475 | -6/Data Miner | Learned location of Section 7 (-2) 34475 | -6/Data Miner | Acquired the access code to Warlord's prototype stash 34481 | -6/Data Miner | Received God Mode back door access code from Data Miner 34524 | -6/Data Miner | Entered Proximity Caves 34524 | -5/Proximity Caves | Accompanied by 2 allies 34599 | -5/Proximity Caves | Spotter reported a threat 34665 | -5/Proximity Caves | Spotter reported a threat 34693 | -5/Proximity Caves | Discovered exit to Factory (range 20) 34715 | -5/Proximity Caves | Entered Factory 34715 | -5/Factory | Accompanied by 2 allies 34715 | -5/Factory | Evolved 2 slots: Utility x2 34716 | -5/Factory | Identified exit to Factory 34792 | -5/Factory | Identified exit to Upper Caves 34792 | -5/Factory | Identified exit to Extension 34886 | -5/Factory | Entered Extension 34886 | -5/Extension | Accompanied by 2 allies 35167 | -5/Extension | Rescued a captive Derelict 35169 | -5/Extension | Rescued a captive Derelict 35219 | -5/Extension | Rescued a captive Derelict 35220 | -5/Extension | Rescued a captive Derelict 35446 | -5/Extension | Build established: Commander-Mutant 35486 | -5/Extension | First assault squad dispatched 35636 | -5/Extension | Disrupted transfer network 35646 | -5/Extension | Destroyed 8 combat bots 35658 | -5/Extension | Lost 9 allies 35734 | -5/Extension | Found Lrg. Botcube 35874 | -5/Extension | Rescued a captive Derelict 35875 | -5/Extension | Rescued a captive Derelict 35882 | -5/Extension | Rescued a captive Derelict 35903 | -5/Extension | Rescued a captive Derelict 35904 | -5/Extension | Rescued a captive Derelict 36081 | -5/Extension | Rescued A7 36111 | -5/Extension | Discovered exit to Factory (range 10) 36111 | -5/Extension | Discovered new exit (range 6) 36152 | -5/Extension | Entered Cetus 36152 | -5/Cetus | Accompanied by 9 allies (A7) 36157 | -5/Cetus | Acquired a Cetus Manufacturing Module code from A7 36172 | -5/Cetus | Spotted Cetus Guard 36172 | -5/Cetus | Spotted Cetus Guard 36172 | -5/Cetus | Spotted Cetus Guard 36177 | -5/Cetus | Spotted Cetus Guard 36198 | -5/Cetus | Allies destroyed Cetus Guard 36198 | -5/Cetus | Destroyed Cetus Guard 36201 | -5/Cetus | Allies destroyed Cetus Guard 36227 | -5/Cetus | Cetus Manufacturing Module disabled 36234 | -5/Cetus | Lost 5 allies 36270 | -5/Cetus | Build established: Scavenger-Mutant 36352 | -5/Cetus | Lrg. Botcube activated 36382 | -5/Cetus | Lrg. Botcube completed mutation into treaded form, armed with 4 guns. 36425 | -5/Cetus | Discovered new exit (range 22) 36459 | -5/Cetus | Identified exit to Archives 36460 | -5/Cetus | Entered Archives 36460 | -5/Archives | Accompanied by 5 allies (A7) 36518 | -5/Archives | Discovered new exit (range 22) 36538 | -5/Archives | Discovered new exit (range 22) 36550 | -5/Archives | Discovered exit to Factory (range 22) 36558 | -5/Archives | Murdered *scrapoid fan 36562 | -5/Archives | Found Botcube 36780 | -5/Archives | Botcube activated 36800 | -5/Archives | Botcube completed mutation into treaded form, armed with 2 guns. 36876 | -5/Archives | Identified exit to Hub_04(d) 37086 | -5/Archives | Entered Hub_04(d) 37086 | -5/Hub_04(d) | Accompanied by 2 allies 37195 | -5/Hub_04(d) | Entered Factory 37195 | -4/Factory | Evolved 2 slots: Propulsion x1, Utility x1 37226 | -4/Factory | Lost 4 parts (1p2n1u) 37228 | -4/Factory | Identified exit to DSF 37228 | -4/Factory | Entered DSF 37248 | -4/DSF | Additional patrols routed to DSF 37264 | -4/DSF | Discovered new exit (range 14) 37278 | -4/DSF | Identified exit to Research 37281 | -4/DSF | Lost 7 parts (1p4n2u) 37281 | -4/DSF | Entered Research 37281 | -3/Research | Evolved 2 slots: Propulsion x1, Utility x1 37592 | -3/Research | Lost 3 parts (2n1u) 37600 | -3/Research | Discovered new exit (range 5) 37635 | -3/Research | Identified exit to Research 37689 | -3/Research | Entered another Research area 37689 | -2/Research | Evolved 2 slots: Propulsion x1, Utility x1 38109 | -2/Research | Lost 6 parts (1p1n4u) 38330 | -2/Research | System corruption reached 10% 38378 | -2/Research | Released all parts (7) 38384 | -2/Research | Core integrity fell below 50% 38399 | -2/Research | Lost 15 parts (1p4n5u5w) 38463 | -2/Research | System corruption reached 30% 38532 | -2/Research | Core integrity fell below 20% 38546 | -2/Research | Discovered new exit (range 6) 38549 | -2/Research | Entered Testing 38591 | -2/Testing | Destroyed by P-80 Master with Gamma Rifle Last Messages --------------- 38504_ Triggered Gamma Bomb Trap. 38504_ A bubble of electromagnetic force engulfs the area. 38504_ K-01 Serf destroyed. 38504_ Chain reaction triggered in Corrupted Lgt. Ion Engine. 38504_ T-07 Excavator destroyed. 38506_ Penetrated by Slug. 38506_ Slug penetrates Wall. 38512_ System corrupted: Heat flow error (+195). 38527_ Slammed into S-43 Plague. 38531_ System corrupted: Matter fused (-5). 38531_ Adv. Heavy Siege Treads destroyed. 38533_ Penetrated by Slug. 38533_ Slug penetrates Wall. 38546_ EXIT=FOUND LOCATION=UNKNOWN GOAL=ESCAPE 38554_ Connecting with Door Terminal... 38554_ Current location identified: Testing 38555_ System corrupted: Component data lost. 38574_ QL#|QJE= 66B2XKC73DI8 Map ----- +----------------------------------------------------+ | ?????????????????????????????????????????????????? | | ?????????????????????????????????????????????????? | | ?????????????????????????????????????????????????? | | ?????????????????????????????????????????????????? | | ?????????????????????????????????????????????????? | | ?????????????????????????????????????????????????? | | ?????????????????????????????????????????????????? | | ?????????????????????????????????????????????????? | | ?????????????????????????????????????????????????? | | ?????????????????????????????????????????????????? | | ?????????????????????????????????????????????????? | | ?????????????????????????????????????????????????? | | ?????????????????????????????????????????????????? | | ?????????????????????????????????????????????????? | | ?????????????????????????????????????????????????? | | ?????????????????????????????????????????????????? | | ??????####???????????????????????????????????????? | | ??????# T"???????????????????????????????????????? | | ??????# "???????????????????????????????????????? | | ??????# "???????????????????????????????????????? | | ??????# "??????#####????????????????????????????? | | ??????# #??????# #????????????????????????????? | | ??????# #??????# #????????????????????????????? | | ??##### ######## pp###########+######???????????? | | ??# p ????????? | | ??# @ ????????? | | ??# ????????? | | ??# ????????? | | ??# ##########+#############+########?????????? | | ??# #???????# #?????????????????????????????? | | ??# #???????#" ""#????????????????????????????? | | ??######???????" "#????????????????????????????? | | ???????????????" ""#????????????????????????????? | | ???????????????" "#????????????????????????????? | | ???????????????#" ""#????????????????????????????? | | ???????????????#####?????????????????????????????? | | ?????????????????????????????????????????????????? | | ?????????????????????????????????????????????????? | | ?????????????????????????????????????????????????? | | ?????????????????????????????????????????????????? | | ?????????????????????????????????????????????????? | | ?????????????????????????????????????????????????? | | ?????????????????????????????????????????????????? | | ?????????????????????????????????????????????????? | | ?????????????????????????????????????????????????? | | ?????????????????????????????????????????????????? | | | | | | | | | +----------------------------------------------------+ Best States ------------- Heat Dissipation 87 Energy Generation 23 Energy Capacity 340 Matter Stores 300 Matter Capacity 300 Sight Range 22 Robot Scan Range 15 Terrain Scan Density 10 Jamming Range 14 Cloak Strength 2 Additional Mass Support 9 Armor Coverage 300 Propulsion Shielding 66 Utility Shielding 33 Melee Speed Boost 30 Evasion (%) 61 Melee Accuracy 12 Target Analysis 5 Core Analysis 6 Recoil Reduction 2 Offensive Hacking 24 Defensive Hacking 34 Authchip Count 1 Item Schematics ----------------- Microactuators | -6/Factory | Hacked Combat Drone Bay | -6/Data Miner | Free Lgt. Regenerative Plating | -6/Data Miner | Free Enh. Armored Leg | -6/Data Miner | Free Exp. Heat Sink | -6/Data Miner | Free Kinetic Spear | -6/Data Miner | Free Imp. Antigrav System | -6/Data Miner | Free Adv. Hardlight Generator | -6/Data Miner | Free Dispersion Rifle | -6/Data Miner | Free Lance | -6/Data Miner | Free Adv. Reaction Control System | -6/Data Miner | Free Linear Accelerator | -6/Data Miner | Free Adv. Weapon Cycler | -6/Data Miner | Free Cmb. Airjet | -5/Factory | Scanalyzed Robot Schematics ------------------ M-22 Extractor | -6/Data Miner | Free B-48 Gladiator | -6/Data Miner | Free G-50 Soldier | -6/Data Miner | Free A-15 Conveyor | -6/Data Miner | Free W-44 Eye | -6/Data Miner | Free Fabricated ------------ Nothing Alien Tech Used ----------------- None Achievements -------------- None Challenges ------------ None Game ------ Seed SubatomicSpikedCutter Manual? 0 Play Time 03:35:46 Cumulative 230.9 hours Start 2024.08.12 @ 09:52:34 End 2024.08.12 @ 17:10:00 Sessions 3 Manual Loads 0 Difficulty Rogue Special Mode None Game No. 241 Rogue 205 Adventurer 36 Explorer 0 Win Type - Total 10 Types 3/0/7/0/0/0/0/0/0 Lore% 60 Gallery% 81 Achievement% 71 Wizard Run 0 Options --------- Layout 0 ASCII 0 Keyboard 0 Movement Mouse Keybinds 0 Fullscreen 1 Font 18/SmallcapsGlow Map View 76x50 Zoom Use 0% Tactical HUD 1 Map Filters NONE Filters NONE Steam 1 RUN: 38a2ffd8-c1c3-4891-bff0-b4e1f256f8fc